Map: Ruins of Seras

Players

SortOf - Winner!

  • Race: Zerg Zerg
  • League: Grandmaster

Olk (Erik)

  • Race: Zerg Zerg

Event: Gauntlet LotV Series 1 Qualifier 2

VOD

Have the link to the VOD?

Description

Time

  • Played on: Dec. 5, 2015, 1:59 p.m.
  • Length: 7:37

All games in this series

Show
View Real Time Build Order
Export as new Build Order

SortOf Zerg - Winner!

Build Orders: Pool First 

Get SALT Encoding   

  12  0:01  Drone  
  13  0:13  Overlord  
  13  0:18  Drone  
  14  0:31  Drone  
  14  0:32  Drone  
  16  0:38  Drone  
  17  0:46  Drone  
  18  0:50  Spawning Pool  
  18  0:56  Drone  
  18  0:59  Extractor  
  17  1:16  Hatchery  
  16  1:19  Drone  
  16  1:22  Drone  
  18  1:29  Drone  
  19  1:38  Queen  
  21  1:41  Zergling x2  
  22  1:50  Overlord  
  22  1:59  Metabolic Boost  
  22  2:08  Drone  
  22  2:12  Drone  
  22  2:14  Queen  
  26  2:22  Baneling Nest  
  25  2:23  Drone  
  26  2:30  Drone  
  27  2:39  Zergling x2  
  27  2:40  Drone  
  29  2:46  Drone x2  
  29  2:48  Zergling x2  
  29  2:49  Overlord  
  32  2:52  Drone  
  32  2:57  Zergling x2  
  34  3:02  Spine Crawler  
  34  3:05  Baneling x2  
  33  3:08  Zergling x4  
  33  3:11  Baneling x2  
  34  3:13  Zergling x2  
  35  3:30  Zergling x12  
  38  3:35  Baneling  
  38  3:37  Drone x2  
  40  3:52  Drone x2  
  40  3:53  Overlord  
  39  4:14  Drone x2  
  37  4:17  Drone  
  37  4:18  Drone x2, Overlord  
  37  4:19  Drone  
  41  4:27  Drone  
  41  4:28  Lair  
  42  4:35  Evolution Chamber  
  42  4:37  Roach Warren  
  42  4:38  Hatchery  
  39  4:39  Baneling  
  39  4:43  Drone x3  
  39  4:44  Drone  
  43  4:48  Zergling x4  
  45  4:54  Queen  
  47  5:01  Zerg Missile Weapons Level 1  
  47  5:02  Extractor x2  
  47  5:03  Drone x2  
  47  5:07  Drone x3  
  47  5:11  Drone x2  
  53  5:14  Drone  
  53  5:19  Roach  
  53  5:20  Roach  
  57  5:22  Drone x2  
  57  5:23  Drone  
  59  5:33  Overlord  
  59  5:37  Overseer  
  59  5:39  Glial Reconstitution  
  59  5:42  Overlord  
  63  5:56  Overlord  
  63  5:58  Drone x2  
  63  5:59  Drone x4  
  63  6:02  Roach x2  
  73  6:06  Overlord  
  73  6:09  Roach x2  
  77  6:15  Roach x6  
  85  6:19  Extractor  
  85  6:25  Overlord  
  84  6:26  Roach x2  
  84  6:31  Roach x4  
  96  6:35  Roach  
  96  6:37  Overlord x2  
  98  6:44  Extractor  
  98  6:46  Roach x4  
  105  6:51  Overlord  
  105  6:52  Drone  
  106  6:58  Drone x4  
  110  7:02  Drone x2  
  110  7:06  Overlord  
  108  7:18  Drone x4  
  108  7:19  Drone x2  
Show
View Real Time Build Order
Export as new Build Order

Olk Zerg 

Build Orders: Pool First 

Get SALT Encoding   

  12  0:01  Drone  
  13  0:13  Overlord  
  13  0:18  Drone  
  14  0:32  Drone x2  
  16  0:38  Extractor  
  15  0:46  Spawning Pool  
  15  0:49  Drone  
  15  0:52  Drone  
  16  0:57  Drone  
  17  1:20  Hatchery  
  16  1:37  Metabolic Boost  
  16  1:41  Queen  
  18  1:50  Overlord  
  18  1:58  Baneling Nest  
  18  2:01  Zergling x2  
  18  2:06  Zergling x2  
  19  2:11  Zergling x2  
  19  2:14  Zergling x2  
  21  2:24  Zergling x2  
  22  2:33  Queen  
  22  2:35  Zergling x2  
  25  2:38  Zergling x2  
  26  2:46  Zergling x2  
  27  2:53  Zergling x2  
  27  2:54  Zergling x2  
  27  2:58  Baneling x3  
  29  2:59  Baneling  
  29  3:03  Zergling x2  
  30  3:06  Zergling x2  
  31  3:14  Zergling x2  
  32  3:20  Zergling x2  
  32  3:21  Zergling x2  
  32  3:26  Drone  
  34  3:34  Drone x2  
  32  3:36  Drone  
  32  3:41  Drone  
  33  3:46  Drone  
  34  3:48  Drone  
  34  3:52  Drone  
  33  4:18  Drone x3  
  33  4:20  Overlord  
  35  4:31  Hatchery  
  35  4:34  Drone  
  35  4:36  Overlord  
  35  4:42  Drone x3  
  35  4:45  Baneling  
  38  4:49  Drone x3  
  41  4:54  Zergling x4  
  41  4:58  Drone x2  
  45  5:01  Drone  
  45  5:03  Baneling  
  46  5:19  Extractor  
  46  5:20  Roach Warren  
  44  5:23  Evolution Chamber  
  40  5:33  Drone x2  
  40  5:34  Drone x9  
  50  5:38  Extractor  
  50  5:39  Lair  
  49  5:47  Queen  
  51  5:53  Drone  
  51  5:56  Drone, Extractor  
  52  6:02  Overlord  
  52  6:08  Roach x3  
  58  6:14  Overlord  
  58  6:15  Overlord  
  58  6:22  Roach x2  
  58  6:24  Drone x3  
  65  6:28  Drone  
  65  6:30  Overlord  
  66  6:33  Overlord  
  66  6:37  Overseer  
  66  6:41  Drone x2  
  66  6:43  Drone  
  66  6:44  Drone  
  70  6:47  Drone x2  
  70  6:51  Baneling  
  70  6:52  Baneling x3  
  72  6:55  Roach  
  72  6:56  Roach  
  72  6:58  Roach  
  78  7:02  Roach  
  78  7:03  Roach  
  82  7:10  Roach x3  
  82  7:11  Roach  
  89  7:17  Roach  
  89  7:18  Roach x2  
Tags
 
Add a new tag
Caveats
  • Supply blocks, unpowered buildings, or Contaminate may cause inaccurate times.
  • Supply counts are checked every 10 seconds.